 Dungeon Crawl Stone Soup version 0.30-a0-1160-g6e42c06551 (webtiles) character file.

Game seed: 12225244340810974287

630 Jase the Grasshopper (level 7, -3/90 HPs)
             Began as an Armataur Warper on Apr 25, 2023.
             Was a Believer of Dithmenos.
             Slain by Menkaure (16 damage)
             ... on level 5 of the Dungeon.
             The game lasted 00:17:39 (4207 turns).

Jase the Grasshopper (Armataur Warper)              Turns: 4207, Time: 00:17:39

Health: -3/90      AC: 23    Str: 17    XL:     7   Next: 24%
Magic:  5/9        EV:  1    Int: 15    God:    Dithmenos [**....]
Gold:   148        SH:  0    Dex:  9    Spells: 2/9 levels left

rFire   . . .        a - +2 dagger (venom)
rCold   . . .        (no shield)
rNeg    + . .        r - melded +3 robe of an ossuary {rC+ rCorr Archmagi}
rPois   +            n - melded +0 helmet
rElec   .            (cloak currently unavailable)
rCorr   .            (gloves currently unavailable)
SInv    .            (no barding)
Will    .....        x - amulet of faith
Stlth   ++           p - ring of positive energy
HPRegen 0.35/turn    (no ring)
MPRegen 0.11/turn

%: roll, faith
@: lethally poisoned (-3 -> -11), tree-form, wreathed by umbra
A: stationary, stasis, torment immunity, boosted hp, large, rugged brown scales
3, (deformed body), (armoured tail), roll, long tongue, awkward tongue
a: Renounce Religion, Shadow Step


You were on level 5 of the Dungeon.
You worshipped Dithmenos.
Dithmenos was pleased with you.
You were a tree.
You visited 1 branch of the dungeon, and saw 5 of its levels.

You collected 246 gold pieces.
You spent 98 gold pieces at shops.

Inventory:

Hand Weapons
 a - a +2 dagger of venom (weapon)
Missiles
 d - 7 boomerangs of dispersal (quivered)
 g - 17 stones
 v - a throwing net
Armour
 i - a +1 scale mail of cold resistance
 n - a +0 helmet (melded)
 r - the +3 robe of an ossuary (melded) {rC+ rCorr Archmagi}
   (You found it on level 2 of the Dungeon)

   rC:        It protects you from cold.
   rCorr:     It protects you from acid and corrosion.
   Archmagi:  It increases the power of your magical spells.
Jewellery
 l - a ring of fire
 p - a ring of positive energy (left branch)
 x - an amulet of faith (around neck)
Wands
 w - a wand of flame (12)
Scrolls
 b - a scroll of vulnerability {unknown}
 c - a scroll of blinking
 h - a scroll of poison {unknown}
 j - a scroll of teleportation
 k - 2 scrolls of enchant weapon {unknown}
 m - 2 scrolls of amnesia {unknown}
 s - a scroll of fear {unknown}
 t - a scroll of acquirement {unknown}
 u - a scroll of brand weapon {unknown}
 y - a scroll of fog {unknown}
Potions
 e - a potion of brilliance
 f - 2 potions of attraction


   Skills:
 - Level 3.0 Fighting
 * Level 3.3(3.8) Short Blades
 - Level 2.8(3.6) Long Blades
 - Level 1.0 Throwing
 - Level 3.0 Armour
 + Level 2.1 Dodging
 + Level 2.7 Stealth
 - Level 1.7 Spellcasting
 + Level 4.3 Translocations
 - Level 2.0 Invocations


You had 2 spell levels left.
You knew the following spells:

 Your Spells              Type           Power      Damage    Failure   Level
a - Blink                 Tloc           28%        N/A       6%          2
b - Lesser Beckoning      Tloc           28%        N/A       6%          2
c - Teleport Other        Tloc           14%        N/A       12%         3

Your spell library contained the following spells:

 Spells                   Type           Power      Damage    Failure   Level
 Vhi's Electric Charge    Tloc/Air       14%        N/A       28%         3
 Manifold Assault         Tloc           14%        N/A       36%         4


Dungeon Overview and Level Annotations

Branches:
Dungeon (5/15)             Temple (0/1) D:5

Altars:
Dithmenos

Shops:
D:3 ?(*(*

Annotations:
D:2 1 runed translucent door, Crazy Yiuf
D:5 Menkaure


Innate Abilities, Weirdness & Mutations

You are a tree.
Your roots penetrate the ground, keeping you stationary.
You cannot be teleported.
You are immune to unholy pain and torment.
Your maximum health is greatly increased.
Your equipment is partially melded.
(You are completely covered in rugged brown scales. (AC +3, +7% HP))
((Armour fits poorly on your strangely shaped body.))
((You have a long armoured tail.))
You roll when moving toward enemies. (Rampage)
Your long tongue fully drains potion bottles. (2x potion effects)
Your tongue gives you trouble enunciating. (1.5x scroll delay)


Message History

Menkaure hits you!
* * * LOW HITPOINT WARNING * * *
You feel better.
You slurp down every last drop of the potion of curing!
The water moccasin bites you but does no damage.
Menkaure hits you but does no damage.
The water moccasin bites you but does no damage.
You hit Menkaure but do no damage.
Menkaure is heavily damaged.
Menkaure hits you!
The water moccasin bites you but does no damage.
You hit Menkaure but do no damage.
Menkaure is heavily damaged.
The water moccasin bites you but does no damage.
Menkaure hits you but does no damage.
You hit Menkaure.
Menkaure is heavily damaged.
The water moccasin bites you but does no damage.
Menkaure completely misses you.
You hit Menkaure.
Menkaure is severely damaged.
The water moccasin bites you but does no damage.
Menkaure hits you but does no damage.
You hit Menkaure.
Menkaure is severely damaged.
The water moccasin bites you.
You are poisoned.
The water moccasin poisons you! Menkaure hits you.
You hit Menkaure.
Menkaure is severely damaged.
You feel very sick.
The water moccasin bites you but does no damage.
Menkaure hits you!
* * * LOW HITPOINT WARNING * * *
You barely miss Menkaure.
Menkaure is severely damaged.
You feel very sick.
The water moccasin bites you but does no damage.
Menkaure hits you!
You die...

........# ### ######
.........# #.# #....#
.........# #.# #....#
.........###.###....#
..........'........#
..........#..##...##
#####+##.....##+###...###
.......MS....+... #......
.....#(#♣....#....#~~....
... #.##.........~~~~~~~
# ###.†#.#..###.~≈≈~≈~
#..##.##.# #~≈≈≈≈~~
##..### .# #≈≈≈≈..~ ##..#
.# #≈≈≈≈#.. #..##
#≈≈≈##.. ...## #≈≈# ##.
..... #≈# #.


You could see a water moccasin and Menkaure (fast).

Vanquished Creatures
  A black bear (D:4)
  An ogre (D:4)
  A scorpion (D:5)
  An orc priest (D:3)
  A gnoll bouda (D:3)
  An iguana (D:4)
  Natasha (D:2)
  2 orc wizards (D:4)
  7 gnolls (D:4)
  8 adders
  A white imp (D:4)
  2 worms
  2 dart slugs
  8 orcs
  3 bats
  11 endoplasms
  4 giant cockroaches
  7 goblins
  4 hobgoblins
  4 jackals
  2 quokkas
  7 ball pythons
  3 frilled lizards
  6 kobolds
  6 rats
94 creatures vanquished.

Vanquished Creatures (others)
  A fungus (D:2)
1 creature vanquished.

Grand Total: 95 creatures vanquished

Notes
Turn   | Place    | Note
-------+----------+-------------------------------------------
     0 | D:1      | Jase the Armataur Warper began the quest for the Orb.
     0 | D:1      | Reached XP level 1. HP: 18/18 MP: 3/3
    28 | D:1      | Reached skill level 1 in Throwing
   139 | D:1      | Reached XP level 2. HP: 25/25 MP: 4/4
   148 | D:1      | Learned a level 2 spell: Blink
   958 | D:2      | Reached XP level 3. HP: 8/31 MP: 5/5
  1113 | D:2      | Noticed Natasha
  1125 | D:2      | Killed Natasha
  1290 | D:2      | Found a faded altar of an unknown god.
  1292 | D:2      | Prayed at the altar of an unknown god.
  1292 | D:2      | Became a worshipper of Dithmenos the Shadowed
  1292 | D:2      | Reached * piety under Dithmenos
  1327 | D:2      | Reached XP level 4. HP: 20/38 MP: 6/6
  1490 | D:2      | Identified the +3 robe of an ossuary {rC+ rCorr Archmagi}
  1504 | D:2      | Learned a level 2 spell: Lesser Beckoning
  1518 | D:2      | Found a runed translucent door.
  1519 | D:2      | Noticed Crazy Yiuf
  1967 | D:3      | Found Repiraku's Assorted Antiques.
  2005 | D:3      | Found Essoeq's Weapon Shop.
  2032 | D:3      | Found Zur Zud's Weapon Shoppe.
  2206 | D:3      | Reached XP level 5. HP: 3/44 MP: 7/7
  2498 | D:3      | Found Duinlez's Assorted Antiques.
  2600 | D:3      | Found Imarouss's Magic Scroll Emporium.
  2604 | D:3      | Reached skill level 1 in Short Blades
  2604 | D:3      | Reached skill level 1 in Stealth
  2609 | D:3      | Bought a scroll of identify for 28 gold pieces
  2613 | D:3      | Bought a scroll of identify for 28 gold pieces
  2615 | D:3      | Bought a scroll of teleportation for 42 gold pieces
  2810 | D:4      | Reached ** piety under Dithmenos
  3301 | D:4      | Reached skill level 1 in Invocations
  3301 | D:4      | Reached XP level 6. HP: 31/53 MP: 8/8
  3393 | D:4      | Learned a level 3 spell: Teleport Other
  3434 | D:4      | Reached skill level 4 in Translocations
  3758 | D:4      | Reached XP level 7. HP: 60/60 MP: 9/9
  4111 | D:5      | Entered Level 5 of the Dungeon
  4145 | D:5      | Found a staircase to the Ecumenical Temple.
  4180 | D:5      | Noticed Menkaure
  4207 | D:5      | Slain by Menkaure

Illustrated notes

Levels and vault maps discovered:
D:1:      nicolae_arrival_somewhat_less_tricky_arrival, layout_rooms,
          nicolae_titane
D:2:      layout_loops_ring, chequers_ecumenical_altar_twisty, uniq_natasha,
          uniq_crazy_yiuf_cottage
D:3:      layout_loops_ring, serial_shops, nicolae_shop_behind_doors,
          nicolae_shop_tiny_statue_garden, shop, nicolae_shop_behind_doors,
          nicolae_shop_bloodbath_and_beyond
D:4:      layout_basic
D:5:      layout_gridville, temple_doors_ab, serial_rivers,
          chequers_serial_rivers_room_a, chequers_serial_rivers_large_a,
          chequers_serial_rivers_micro_b, chequers_serial_rivers_small_b,
          chequers_serial_rivers_room_b, chequers_serial_rivers_micro_a,
          minmay_between, uniq_menkaure

Skill      XL: |  1  2  3  4  5  6  7 |
---------------+----------------------+-----
Throwing       | 1 |  1.0
Long Blades    | 2 |  2.8
Fighting       | 2 3 |  3.0
Armour         | 2 3 |  3.0
Dodging        | 2 |  2.1
Short Blades   | 1 2 3 |  3.3
Stealth        | 1 2 |  2.7
Invocations    | 1 2 |  2.0
Translocations | 4 |  4.3
Spellcasting   | |  1.7

Action                     |  1- 3 |  4- 6 |  7- 9 || total
---------------------------+-------+-------+-------++-------
  Melee: Falchion          |   138 |    43 |       ||   181
         Tailslap          |     9 |    23 |     4 ||    36
         Punch             |     2 |     1 |     1 ||     4
         Dagger            |       |   153 |    56 ||   209
   Cast: Blink             |       |     3 |       ||     3
         Lesser Beckoning  |       |     1 |       ||     1
         Teleport Other    |       |       |     2 ||     2
    Use: Scroll            |       |     5 |       ||     5
         Potion            |       |       |     3 ||     3
   Stab: Sleeping          |       |     6 |     1 ||     7
 Armour: Leather armour    |    18 |       |       ||    18
         Scale mail        |    45 |     1 |       ||    46
         Robe              |       |    62 |     8 ||    70
         Skin              |       |       |    23 ||    23
  Dodge: Dodged            |    63 |    92 |    17 ||   172

Table legend: (Time is in decaauts)
 A = Elapsed time spent in this place.
 B = Non-inter-level travel time spent in this place.
 C = Inter-level travel time spent in this place.
 D = Time resting spent in this place.
 E = Time spent auto-exploring this place.
 F = Levels seen in this place.
 G = Mean time per level.
                   A        B        C        D        E       F      G
               +--------+--------+--------+--------+--------+-----+--------+
         Total |   4223 |   3876 |    347 |    592 |   2299 |   5 |  844.6 |
       Dungeon |   4223 |   3876 |    347 |    592 |   2299 |   5 |  844.6 |
               +--------+--------+--------+--------+--------+-----+--------+

Top non-repeatable levels by time:
     D:3: 1368 daAuts
     D:4: 1036 daAuts
     D:2: 1008 daAuts
     D:1: 718 daAuts
     D:5: 91 daAuts
